 Dungeon Crawl Stone Soup version 0.18.1-50-g88ac8fd (webtiles) character file.

14 Nordron the Ruffian (level 2, 0/25 HPs)
             Began as a Naga Transmuter on Sept 29, 2016.
             Slain by a kobold
             ... wielding a +0 club
              (4 damage)
             ... on level 1 of the Dungeon.
             The game lasted 00:01:13 (354 turns).

Nordron the Ruffian (Naga Transmuter)                Turns: 354, Time: 00:01:14

Health: 0/25       AC:  1    Str: 12    XL:     2   Next: 45%
Magic:  3/5        EV: 10    Int: 13    God:
Gold:   0          SH:  0    Dex: 11    Spells: 1 memorised, 4 levels left

rFire  . . .     SeeInvis +     e - +0 dagger
rCold  . . .     Gourm    .     b - +0 robe
rNeg   . . .     Faith    .     (no shield)
rPois  +         Spirit   .     (no helmet)
rElec  .         Dismiss  .     (no cloak)
rCorr  .         Reflect  .     (no gloves)
SustAt .         Harm     .     (no barding)
MR     .....                    (no amulet)
Stlth  +.........               (no ring)
                                (no ring)

@: appendage, very slightly contaminated, very slow, not resistant to hostile
enchantments, very unstealthy
A: horns 2, see invisible, deformed body, poison resistance, slowness 2, slow
metabolism 1, spit poison 2, AC +0
a: Spit Poison, End Transformation


You were on level 1 of the Dungeon.
You were not hungry.
You had grown temporary horns.
You visited 1 branch of the dungeon, and saw 1 of its levels.

Inventory:

Hand Weapons
 e - a +0 dagger (weapon)
Missiles
 a - 12 arrows
Armour
 b - a +0 robe (worn)
Potions
 g - a potion of might {unknown}
Books
 c - a book of Changes

   Spells                             Type                      Level
   a - Beastly Appendage              Transmutation                1
   b - Sticks to Snakes               Transmutation                2
   c - Spider Form                    Transmutation/Poison         3
   d - Ice Form                       Ice/Transmutation            4
   e - Blade Hands                    Transmutation                5
Comestibles
 d - a bread ration


   Skills:
 - Level 1.0 Fighting
 - Level 1.5 Dodging
 - Level 3.0 Unarmed Combat
 - Level 2.0 Spellcasting
 * Level 3.0 Transmutations


You had 4 spell levels left.
You knew the following spells:

 Your Spells              Type           Power        Failure   Level  Hunger
a - Beastly Appendage     Trmt           #.....       10%         1    ##.....


Dungeon Overview and Level Annotations

Branches:
Dungeon (1/15)

Altars:


Innate Abilities, Weirdness & Mutations

You cannot wear boots.
Your serpentine skin is tough (AC +0).
You have supernaturally acute eyesight.
Armour fits poorly on your strangely shaped body.
Your system is resistant to poisons.
You cover ground very slowly.
You have a slow metabolism.
You can spit poison.
You have a pair of horns on your head.


Message History

a hobgoblin corpse; a dart slug corpse; a kobold corpse a giant cockroach corpse Drop what? 6/52 slots (_ for help) (? for menu, Esc to quit)
Okay, then.
There are no objects that can be picked up here. a hobgoblin corpse; a dart slug corpse; a kobold corpse a giant cockroach corpse The kobold shouts!
Casting: Beastly Appendage
Confirm with . or Enter, or press ? or * to list all spells.
You miscast Beastly Appendage.
You are very lightly contaminated with residual magic.
Your skin glows momentarily.
You hit the kobold but do no damage. The kobold closely misses you.
You closely miss the kobold. The kobold hits you with a club.
* * * LOW HITPOINT WARNING * * *
Casting: Beastly Appendage
Confirm with . or Enter, or press ? or * to list all spells.
You grow a pair of large bovine horns.
The kobold hits you with a club.
You die...

..⌠.....####...#
.........#.#.#.#
.....#.....#.#.#
.....###...#.#.#
..<..# ##....#.##
.....###....##..#
(....#......###.##
.........#..# #.K#
..⌠.....##..#
##@##
.....######## #..#
###### ##†#
...............
..........#....
.........$# ..
.######...# ....#
#.#.#


You could see a kobold.

Vanquished Creatures
  2 dart slugs (D:1)
  A giant gecko (D:1)
  A giant cockroach (D:1)
  2 goblins (D:1)
  A hobgoblin (D:1)
  A bat (D:1)
  A kobold (D:1)
9 creatures vanquished.

Notes
Turn   | Place    | Note
--------------------------------------------------------------
     0 | D:1      | Nordron the Naga Transmuter began the quest for the Orb.
     0 | D:1      | Reached XP level 1. HP: 18/18 MP: 3/3
   258 | D:1      | Reached XP level 2. HP: 19/25 MP: 1/5
   354 | D:1      | Slain by a kobold

Skill      XL: |  1  2 |
---------------+-------+-----
Transmutations | 3 |  3.0
Fighting       | |  1.0
Dodging        | |  1.5
Unarmed Combat | |  3.0
Spellcasting   | |  2.0

Action                   || total
-------------------------++-------
Melee: Dagger            ||    37
       Unarmed           ||     8
       Headbutt          ||     5
 Cast: Beastly Appendage ||     4
Armor: Robe              ||     9
Dodge: Dodged            ||    28
